 Dungeon Crawl Stone Soup version 0.26-a0-737-g4e9f4955e2 (webtiles) character file.

Game seed: 1757807222658178855

72032 robertstho the Thaumaturge (level 15, -6/115 HPs)
             Began as a Gnoll Ice Elementalist on Nov 3, 2020.
             Was an Elder of Sif Muna.
             Mangled by a chaos spawn (13 damage)
             ... summoned by an orc sorcerer
             ... while paralysed by an orc sorcerer
             ... on level 2 of the Orcish Mines on Nov 4, 2020.
             The game lasted 01:09:08 (31972 turns).

robertstho the Thaumaturge (GnIE)                  Turns: 31972, Time: 01:09:10

Health: -6/115     AC: 15    Str: 11    XL:     15   Next: 38%
Magic:  10/30      EV:  2    Int: 30    God:    Sif Muna [****..]
Gold:   2457       SH:  0    Dex: 15    Spells: 17/36 levels left

rFire    + . .     SeeInvis +   P - +6 trident of Lodeh {protect, rPois rF+}
rCold    + + +     Faith    .   (no shield)
rNeg     . . .     Spirit   .   I - +4 skin of Zhor {Englaciate rC+++ SInv}
rPois    +         Reflect  +   q - +2 helmet
rElec    .         Harm     .   R - +0 cloak
rCorr    .         Rampage  .   k - +0 pair of gloves
MR       +....                  N - +1 pair of boots
Stlth    ++++......             l - amulet of reflection
HPRegen  0.29/turn              b - +6 ring of intelligence
MPRegen  0.22/turn              Y - ring of wizardry

@: paralysed, frozen ramparts, heavily drained
A: distributed training, fangs 1, strong nose
a: Channel Magic, Forget Spell, Divine Exegesis, Renounce Religion


You were on level 2 of the Orcish Mines.
You worshipped Sif Muna.
Sif Muna was greatly pleased with you.
You visited 4 branches of the dungeon, and saw 22 of its levels.
You also visited: Bailey, Ice Cave and Volcano.

You collected 2633 gold pieces.
You spent 176 gold pieces at shops.

Inventory:

Hand Weapons
 m - the +8 scimitar of Prudence {flame, rC+ rN+}
   (You found it on level 2 of the Lair of Beasts)

   It has been specially enchanted to burn those struck by it, causing extra
   injury to most foes and up to half again as much damage against particularly
   susceptible opponents.
   Big, fiery blades are also staple armaments of hydra-hunters.
   It protects you from cold.
   It protects you from negative energy.
 A - the +12 Vampire's Tooth {vamp}
   (You found it on level 5 of the Dungeon)

   It inflicts no extra harm, but heals its wielder when it wounds a living foe.
 B - the +2 rapier of Calamity {elec, rElec rPois rF+ rC-}
   (You found it on level 3 of the Lair of Beasts)

   Occasionally, upon striking a foe, it will discharge some electrical energy
   and cause terrible harm.
   It protects you from fire.
   It makes you vulnerable to cold.
   It insulates you from electricity.
   It protects you from poison.
 P - the +6 trident of Lodeh (weapon) {protect, rPois rF+}
   (You took it off a spriggan rider on level 3 of the Lair of Beasts)

   It grants its wielder temporary protection when it strikes (+7 to AC).
   It protects you from fire.
   It protects you from poison.
Missiles
 z - 13 curare-tipped darts (quivered)
Armour
 k - a +0 pair of gloves (worn)
 q - a +2 helmet (worn)
 I - the +4 skin of Zhor (worn) {Englaciate rC+++ SInv}
   (You found it on level 5 of the Lair of Beasts)

   It renders you almost immune to cold.
   It lets you see invisible.
 N - a +1 pair of boots (worn)
 R - a +0 cloak (worn)
 U - a +1 robe of magic resistance
Jewellery
 b - a +6 ring of intelligence (left hand)
 j - an uncursed amulet of regeneration
 l - an amulet of reflection (around neck)
 u - an uncursed ring of protection from fire
 K - an uncursed ring of fire
 V - an uncursed ring of poison resistance
 Y - a ring of wizardry (right hand)
Wands
 r - a wand of digging (6)
 W - a wand of disintegration (20)
Scrolls
 d - 6 scrolls of fog
 e - 7 scrolls of teleportation
 h - a scroll of magic mapping
 i - 2 scrolls of summoning {unknown}
 t - 2 scrolls of enchant armour {unknown}
 x - 6 scrolls of enchant weapon
 y - 8 scrolls of remove curse
 C - a scroll of noise {unknown}
 D - 3 scrolls of fear
 F - a scroll of blinking {unknown}
 G - 2 scrolls of random uselessness {unknown}
 J - a scroll of vulnerability {unknown}
 O - a scroll of brand weapon
 Q - 2 scrolls of immolation
 X - a scroll of holy word
Potions
 a - 3 potions of might
 c - 3 potions of stabbing
 f - 4 potions of haste
 g - 2 potions of flight
 n - 6 potions of mutation
 o - 3 potions of ambrosia
 p - 2 potions of magic
 s - 2 potions of resistance
 v - 3 potions of heal wounds
 w - 12 potions of curing
 H - 3 potions of brilliance
 T - 4 potions of berserk rage
Miscellaneous
 E - a condenser vane (2/2)
 M - a phantom mirror
 S - a phantom mirror


   Skills:
 + Level 10.0(8.2) Fighting
 + Level 10.0(8.2) Short Blades
 + Level 10.0(8.2) Long Blades
 + Level 10.0(8.2) Axes
 + Level 10.0(8.2) Maces & Flails
 + Level 10.0(8.2) Polearms
 + Level 10.0(8.2) Staves
 + Level 10.0(8.2) Slings
 + Level 10.0(8.2) Bows
 + Level 10.0(8.2) Crossbows
 + Level 10.0(8.2) Throwing
 + Level 10.0(8.2) Armour
 + Level 10.9(9.1) Dodging
 + Level 10.8(8.9) Stealth
 + Level 10.0(8.2) Shields
 + Level 10.0(8.2) Unarmed Combat
 + Level 11.1(9.2) Spellcasting
 + Level 8.4(6.6) Conjurations
 + Level 8.4(6.6) Hexes
 + Level 8.4(6.6) Summonings
 + Level 8.4(6.6) Necromancy
 + Level 8.4(6.6) Translocations
 + Level 8.4(6.6) Transmutations
 + Level 8.4(6.6) Fire Magic
 + Level 10.9(9.0) Ice Magic
 + Level 8.4(6.6) Air Magic
 + Level 8.4(6.6) Earth Magic
 + Level 8.4(6.6) Poison Magic
 + Level 10.8(9.0) Invocations
 + Level 10.0(8.2) Evocations


You had 17 spell levels left.
You knew the following spells:

 Your Spells              Type           Power        Failure   Level
a - Freeze                Ice            ####         1%          1
b - Frozen Ramparts       Ice            ######       1%          3
c - Ozocubu's Armour      Ice            ######..     1%          3
d - Hailstorm             Conj/Ice       ######..     1%          4
e - Summon Ice Beast      Ice/Summ       ######..     1%          4
f - Ice Form              Ice/Tmut       ######..     1%          4

Your spell library contained the following spells:

 Spells                   Type           Power        Failure   Level
 Animate Skeleton         Necr           ######       1%          1
 Apportation              Tloc           ######       1%          1
 Beastly Appendage        Tmut           ######       1%          1
 Corona                   Hex            ######.      1%          1
 Foxfire                  Conj/Fire      ####         1%          1
 Sandblast                Erth           ######       1%          1
 Summon Small Mammal      Summ           ####         1%          1
 Blink                    Tloc           N/A          1%          2
 Passwall                 Tmut/Erth      ######..     1%          2
 Poisonous Vapours        Pois/Air       ######       1%          2
 Slow                     Hex            ######..     1%          2
 Wereblood                Tmut           ######..     1%          2
 Conjure Flame            Conj/Fire      ######..     1%          3
 Dazzling Flash           Conj/Hex       ######       1%          3
 Ignite Poison            Fire/Tmut/Pois ######..     1%          3
 Inner Flame              Hex/Fire       ######..     1%          3
 Mephitic Cloud           Conj/Pois/Air  ######..     1%          3
 Portal Projectile        Hex/Tloc       ######       1%          3
 Spider Form              Tmut/Pois      ######....   1%          3
 Stone Arrow              Conj/Erth      ######       1%          3
 Summon Guardian Golem    Hex/Summ       ######..     1%          3
 Cause Fear               Hex            ######....   1%          4
 Leda's Liquefaction      Hex/Erth       ######....   1%          4
 Olgreb's Toxic Radiance  Pois           ######..     1%          4
 Petrify                  Tmut/Erth      ######..     1%          4
 Sticky Flame             Conj/Fire      ######..     1%          4
 Blade Hands              Tmut           ######....   2%          5
 Fireball                 Conj/Fire      ######....   2%          5
 Irradiate                Conj/Tmut      ######....   2%          5
 Lee's Rapid Deconstruct  Erth           ######....   2%          5
 Summon Demon             Summ           ######....   2%          5
 Summon Forest            Summ/Tloc      ######....   2%          5
 Summon Mana Viper        Hex/Summ       ######..     2%          5
 Yara's Violent Unravell  Hex/Tmut       ######....   2%          5
 Freezing Cloud           Conj/Ice/Air   ######....   11%         6
 Dispersal                Tloc           ######....   16%         6
 Eringya's Noxious Bog    Tmut/Pois      ######....   16%         6
 Shadow Creatures         Summ           N/A          16%         6
 Statue Form              Tmut/Erth      ######...    16%         6
 Dragon Form              Tmut           ######....   58%         7
 Haunt                    Necr/Summ      ######....   58%         7
 Summon Hydra             Summ           ######....   58%         7
 Necromutation            Tmut/Necr      ######....   99%         8
 Dragon's Call            Summ           ######....   100%        9


Dungeon Overview and Level Annotations

Branches:
Dungeon (13/15)            Temple (1/1) D:4            Lair (6/6) D:11
  Swamp (0/4) Lair:4        Snake (0/4) Lair:2        Slime (0/5) Lair:6
    Orc (2/2) D:10            Elf (0/3) Orc:2        Vaults (0/5) D:13
 Bailey (visited)           IceCv (visited)         Volcano (visited)

Altars:
Ashenzari
Cheibriados
Dithmenos
Elyvilon
Fedhas
Gozag
Hepliaklqana
Kikubaaqudgha
Makhleb
Nemelex Xobeh
Okawaru
Qazlal
Ru
Sif Muna
Trog
Uskayaw
Vehumet
Wu Jian
Xom
Yredelemnul
Zin
The Shining One
Beogh
Jiyva

Shops:
Orc:2 }!

Annotations:
Lair:3 exclusion: 2 oklob plants


Innate Abilities, Weirdness & Mutations

Your experience applies equally to all skills.
You have very sharp teeth.
Your uncanny sense of smell can sniff out nearby items.


Message History

The soul eater hits you!!
* * * LOW HITPOINT WARNING * * *
You feel drained.
* * * LOW HITPOINT WARNING * * *
The orc sorcerer hits you but does no damage.
The ufetubus resists.
The wall freezes the ufetubus.
The ynoxinul resists.
The wall freezes the ynoxinul.
The ynoxinul hits you but does no damage.
The wall freezes the orc sorcerer!
The orc sorcerer mumbles some strange words.
The soul eater barely misses you.
The orc sorcerer hits you but does no damage.
The ynoxinul disappears in a puff of smoke!
The ufetubus disappears in a puff of smoke! x4
The wall freezes the orc sorcerer.
The orc sorcerer hits you but does no damage.
The soul eater draws from the surrounding life force!
* * * LOW HITPOINT WARNING * * *
The wall freezes the chaos spawn!
The chaos spawn hits you!
You die...

∩..8..._§§§8§.
#≈..≈§.§.≈≈..≈
#≈.o.§≈o≈≈..§≈
#####≈..8§§§≈.8..≈
#§≈≈##.....8.....#
≈≈...##.........# ##
###8..##..§....#
#≈≈#_.....###§§'###..
#§.#..)....4@o§).....
#≈.8........o3§......
##.........≈≈≈§§≈≈...
###........≈#####§...
#≈#+#)###...# ...#
#≈.....##≈.... .≈#
#≈§.8..##§..... ≈#
##§§..§≈##≈.8..8.
#≈≈≈..§§###############


You could see a soul eater (summoned), a chaos spawn (summoned) and 2 orc
sorcerers.

Vanquished Creatures
  A red draconian (Volcano)
  2 boulder beetles
  4 hydras
  A centaur warrior (Volcano)
  A catoblepas (Lair:6)
  2 death yaks (Lair:6)
  A bog body (Lair:4)
  An obsidian statue (Volcano)
  3 orc knights
  A lindwurm (Lair:4)
  2 ugly things
  A manticore (Lair:6)
  6 orc sorcerers
  4 elephants
  Joseph (D:7)
  A cyclops (Orc:2)
  2 black mambas
  A guardian serpent (D:12)
  A torpor snail (Lair:4)
  11 cane toads
  A kobold demonologist (D:13)
  6 komodo dragons
  5 rime drakes
  An efreet (D:13)
  3 trolls
  A hornet (Lair:3)
  2 polar bears
  10 blink frogs
  3 dream sheep (Lair:5)
  A spriggan (Lair:3)
  A vampire (D:13)
  A wraith (D:10)
  58 yaks
  6 fire bats
  3 vampire mosquitoes (D:13)
  2 wyverns
  3 chaos spawn (D:11)
  8 basilisks
  3 wargs
  2 nagas (Lair:2)
  6 water moccasins
  A soldier ant (D:13)
  15 orc warriors
  2 phantoms (D:6)
  A sky beast (D:7)
  9 ice beasts
  5 black bears
  17 wolves
  A boggart (Lair:3)
  8 ogres
  13 centaurs
  2 big kobolds
  2 nameless horrors
  21 bullfrogs
  4 scorpions
  21 killer bees
  10 wights
  3 howler monkeys (D:7)
  3 bullfrog zombies
  2 lava snakes (Volcano)
  A quasit (D:13)
  2 jellies
  A centaur skeleton (D:12)
  10 orc priests
  10 hounds
  A bullfrog skeleton (D:4)
  Jessica (D:3)
  Ijyb (D:3)
  6 iguanas
  16 orc wizards
  13 worker ants
  2 hound zombies
  Robin (D:3)
  4 gnolls (D:2)
  12 adders
  A shadow imp (D:5)
  4 white imps
  2 ufetubi
  2 oozes
  An adder zombie (D:5)
  An adder skeleton (D:6)
  5 worms
  A dart slug (D:1)
  4 leopard geckos
  76 orcs
  7 giant cockroaches
  9 hobgoblins
  7 jackals
  7 kobolds
  6 quokkas
  3 ball pythons
  11 bats
  3 frilled lizards (D:3)
  15 goblins
  A kobold zombie (D:7)
  A leopard gecko skeleton (D:4)
  13 rats
574 creatures vanquished.

Vanquished Creatures (collateral kills)
  An ironheart preserver (D:13)
  The ghost of merlinx42 the Cruncher, a journeyman MiGl of Okawaru (Lair:3)
  An ogre mage (Orc:2)
  Erolcha (Orc:1)
  A boulder beetle (Lair:5)
  3 catoblepae (Lair:6)
  Harold (D:8)
  2 hydras (Lair:6)
  5 death yaks (Lair:6)
  4 two-headed ogres
  An orc high priest (Orc:2)
  Sonja (Lair:3)
  Nergalle (Orc:1)
  A bog body (Lair:4)
  2 ugly things
  3 orc sorcerers (Orc:2)
  A manticore (Lair:6)
  7 elephants
  A centaur zombie (D:13)
  A cane toad (Lair:3)
  A torpor snail (Lair:6)
  2 trolls
  A polar bear (Lair:6)
  2 hornets
  5 blink frogs
  3 dream sheep (Lair:5)
  2 spriggans (Lair:3)
  2 wyverns
  4 fire bats
  6 basilisks
  23 yaks
  3 swamp worms (Lair:4)
  A warg (Orc:2)
  4 water moccasins
  6 orc warriors
  4 ice beasts (IceCv)
  2 phantoms
  A necrophage (D:9)
  A centaur (D:8)
  A wolf (Lair:4)
  2 bullfrogs
  A wyvern zombie (D:8)
  3 killer bees
  4 electric eels (Lair:4)
  A wight (D:9)
  A nameless horror (Bailey)
  3 lava snakes (Volcano)
  4 orc priests (Orc:1)
  2 bullfrog skeletons
  9 orc wizards
  A worker ant (D:13)
  A mummy (D:7)
  11 white imps (D:13)
  31 orcs
  A hobgoblin zombie (D:7)
  A kobold zombie (D:7)
  An orc zombie (D:7)
190 creatures vanquished.

Vanquished Creatures (others)
  2 orc wizards (Orc:2)
  51 fungi
  77 plants
130 creatures vanquished.

Grand Total: 894 creatures vanquished

Notes
Turn   | Place    | Note
-------+----------+-------------------------------------------
     0 | D:1      | robertstho the Gnoll Ice Elementalist began the quest for
                  | the Orb.
     0 | D:1      | Reached XP level 1. HP: 13/13 MP: 6/6
   381 | D:1      | Reached XP level 2. HP: 19/19 MP: 7/7
  1291 | D:2      | Reached skill level 5 in Spellcasting
  1291 | D:2      | Reached XP level 3. HP: 17/25 MP: 3/9
  1533 | D:2      | Learned a level 3 spell: Frozen Ramparts
  1537 | D:2      | Learned a level 3 spell: Ozocubu's Armour
  1546 | D:2      | Reached skill level 1 in Invocations
  2129 | D:2      | Found a bloodstained altar of Trog.
  2174 | D:2      | Reached skill level 1 in Fighting
  2174 | D:2      | Reached skill level 1 in Short Blades
  2174 | D:2      | Reached skill level 1 in Long Blades
  2174 | D:2      | Reached skill level 1 in Axes
  2174 | D:2      | Reached skill level 1 in Maces & Flails
  2174 | D:2      | Reached skill level 1 in Polearms
  2174 | D:2      | Reached skill level 1 in Staves
  2174 | D:2      | Reached skill level 1 in Slings
  2174 | D:2      | Reached skill level 1 in Bows
  2174 | D:2      | Reached skill level 1 in Crossbows
  2174 | D:2      | Reached skill level 1 in Throwing
  2174 | D:2      | Reached skill level 1 in Armour
  2174 | D:2      | Reached skill level 1 in Shields
  2174 | D:2      | Reached skill level 1 in Unarmed Combat
  2174 | D:2      | Reached skill level 1 in Evocations
  2421 | D:2      | Reached XP level 4. HP: 16/32 MP: 7/11
  2696 | D:2      | Reached skill level 1 in Conjurations
  2696 | D:2      | Reached skill level 1 in Hexes
  2696 | D:2      | Reached skill level 1 in Summonings
  2696 | D:2      | Reached skill level 1 in Necromancy
  2696 | D:2      | Reached skill level 1 in Translocations
  2696 | D:2      | Reached skill level 1 in Transmutations
  2696 | D:2      | Reached skill level 1 in Fire Magic
  2696 | D:2      | Reached skill level 1 in Air Magic
  2696 | D:2      | Reached skill level 1 in Earth Magic
  2696 | D:2      | Reached skill level 1 in Poison Magic
  2861 | D:3      | Noticed Robin
  2893 | D:3      | Reached XP level 5. HP: 34/37 MP: 8/12
  3029 | D:3      | Killed Robin
  3507 | D:3      | Noticed Jessica
  3513 | D:3      | Killed Jessica
  3513 | D:3      | Reached XP level 6. HP: 38/44 MP: 9/13
  3560 | D:3      | Noticed Ijyb
  3570 | D:3      | Killed Ijyb
  3734 | D:3      | Found a faded altar of an unknown god.
  3961 | D:4      | Reached skill level 5 in Dodging
  4044 | D:4      | Noticed a phantom
  4049 | D:4      | Found a staircase to the Ecumenical Temple.
  4077 | Temple   | Entered the Ecumenical Temple
  4341 | Temple   | Became a worshipper of Sif Muna the Loreminder
  4347 | Temple   | Learned a level 4 spell: Hailstorm
  4352 | Temple   | Learned a level 4 spell: Summon Ice Beast
  4409 | D:4      | Killed a phantom
  4587 | D:4      | Reached XP level 7. HP: 39/50 MP: 12/15
  5213 | D:5      | Entered Level 5 of the Dungeon
  5551 | D:5      | Reached skill level 5 in Stealth
  5901 | D:5      | Found the +12 Vampire's Tooth {vamp}
  6505 | D:5      | Reached * piety under Sif Muna
  6672 | D:6      | Reached XP level 8. HP: 57/57 MP: 16/16
  6768 | D:6      | Reached skill level 6 in Spellcasting
  6990 | D:6      | Noticed a yak
  6995 | D:6      | Noticed a yak
  6998 | D:6      | Noticed a yak
  7004 | D:6      | Killed a yak
  7005 | D:6      | Noticed a yak
  7011 | D:6      | Killed a yak
  7011 | D:6      | Reached XP level 9. HP: 29/65 MP: 14/18
  7955 | D:7      | Reached ** piety under Sif Muna
  8161 | D:7      | Found a flagged portal.
  8194 | Bailey   | Entered a bailey
  8727 | Bailey   | Noticed an orc knight
  9511 | Bailey   | Reached skill level 5 in Invocations
  9716 | Bailey   | Killed an orc knight
  9716 | Bailey   | Reached skill level 7 in Spellcasting
  9716 | Bailey   | Reached XP level 10. HP: 48/73 MP: 6/20
  9991 | D:7      | Noticed Joseph
  9999 | D:7      | Reached skill level 5 in Fighting
  9999 | D:7      | Reached skill level 5 in Short Blades
  9999 | D:7      | Reached skill level 5 in Long Blades
  9999 | D:7      | Reached skill level 5 in Axes
  9999 | D:7      | Reached skill level 5 in Maces & Flails
  9999 | D:7      | Reached skill level 5 in Polearms
  9999 | D:7      | Reached skill level 5 in Staves
  9999 | D:7      | Reached skill level 5 in Slings
  9999 | D:7      | Reached skill level 5 in Bows
  9999 | D:7      | Reached skill level 5 in Crossbows
  9999 | D:7      | Reached skill level 5 in Throwing
  9999 | D:7      | Reached skill level 5 in Armour
  9999 | D:7      | Reached skill level 5 in Shields
  9999 | D:7      | Reached skill level 5 in Unarmed Combat
  9999 | D:7      | Reached skill level 5 in Evocations
 10309 | D:7      | Killed Joseph
 10725 | D:8      | Noticed Harold
 10733 | D:8      | Killed Harold
 10996 | D:8      | Reached *** piety under Sif Muna
 11183 | D:8      | Paralysed by an orc for 2 turns
 11905 | D:8      | Reached XP level 11. HP: 81/81 MP: 22/22
 12345 | D:9      | Reached skill level 5 in Conjurations
 12345 | D:9      | Reached skill level 5 in Hexes
 12345 | D:9      | Reached skill level 5 in Summonings
 12345 | D:9      | Reached skill level 5 in Necromancy
 12345 | D:9      | Reached skill level 5 in Translocations
 12345 | D:9      | Reached skill level 5 in Transmutations
 12345 | D:9      | Reached skill level 5 in Fire Magic
 12345 | D:9      | Reached skill level 5 in Air Magic
 12345 | D:9      | Reached skill level 5 in Earth Magic
 12345 | D:9      | Reached skill level 5 in Poison Magic
 12345 | D:9      | Reached **** piety under Sif Muna
 12756 | D:9      | Noticed a two-headed ogre
 12778 | D:9      | Killed a two-headed ogre
 12778 | D:9      | Reached skill level 8 in Spellcasting
 13403 | D:10     | Entered Level 10 of the Dungeon
 13546 | D:10     | Upgraded the game from 0.26-a0-720-g2a1d101370 to
                  | 0.26-a0-737-g4e9f4955e2
 13610 | D:10     | Noticed a two-headed ogre
 13756 | D:10     | Noticed a two-headed ogre
 13767 | D:10     | Killed a two-headed ogre
 13773 | D:10     | Killed a two-headed ogre
 13907 | D:10     | Found a staircase to the Orcish Mines.
 14124 | D:10     | Noticed a two-headed ogre
 14134 | D:10     | Killed a two-headed ogre
 14714 | D:11     | Noticed a cyan ugly thing
 14728 | D:11     | Killed a white ugly thing
 14835 | D:11     | Found a staircase to the Lair.
 14997 | D:11     | Reached XP level 12. HP: 89/89 MP: 21/24
 15092 | D:11     | Noticed a boulder beetle
 15103 | D:11     | Killed a boulder beetle
 15300 | D:11     | Found a shimmering altar of Xom.
 15305 | D:11     | Found the +7 mace of Variability {chain chaos}
 15388 | D:11     | Reached ***** piety under Sif Muna
 15414 | D:11     | Identified Pumaf's Volume of Mutagenic Beguiling (Sif Muna
                  | gifted it to you on level 11 of the Dungeon)
 15414 | D:11     | Received a gift from Sif Muna
 17213 | D:13     | Found a frozen archway.
 17251 | IceCv    | Entered an ice cave
 17505 | IceCv    | Learned a level 4 spell: Ice Form
 18077 | D:13     | Noticed an ironheart preserver
 18094 | D:13     | Noticed a boulder beetle
 18094 | D:13     | Killed an ironheart preserver
 18094 | D:13     | Reached skill level 9 in Spellcasting
 18108 | D:13     | Killed a boulder beetle
 18294 | D:13     | Found a gate to the Vaults.
 19350 | D:13     | Noticed a seven-headed hydra
 19361 | D:13     | Killed a seven-headed hydra
 19785 | Lair:1   | Entered Level 1 of the Lair of Beasts
 20167 | Lair:1   | Reached XP level 13. HP: 98/98 MP: 26/26
 21149 | Lair:2   | Found a staircase to the Snake Pit.
 21593 | Lair:2   | Identified Sif Muna's Guide on Transmutation (Sif Muna
                  | gifted it to you on level 2 of the Lair of Beasts)
 21593 | Lair:2   | Received a gift from Sif Muna
 22512 | Lair:2   | Got a glimmering scimitar
 22512 | Lair:2   | Identified the +8 scimitar of Prudence {flame, rC+ rN+}
                  | (You found it on level 2 of the Lair of Beasts)
 22657 | Lair:3   | Reached skill level 10 in Ice Magic
 22918 | Lair:3   | Noticed Sonja
 22943 | Lair:3   | Killed Sonja
 23525 | Lair:3   | Found a runed translucent door.
 23526 | Lair:3   | Noticed merlinx42's ghost (journeyman MiGl)
 23527 | Lair:3   | Identified the +6 trident of Lodeh {protect, rPois rF+}
 23620 | Lair:3   | Got a crude rapier
 24010 | Lair:3   | Killed merlinx42's ghost
 24010 | Lair:3   | Reached skill level 10 in Spellcasting
 24728 | Lair:4   | Reached XP level 14. HP: 94/106 MP: 21/28
 25124 | Lair:4   | Reached skill level 10 in Dodging
 25973 | Lair:4   | Found a staircase to the Swamp.
 26852 | Lair:5   | Found the +4 skin of Zhor {Englaciate rC+++ SInv}
 26872 | Lair:5   | Reached skill level 10 in Stealth
 26908 | Lair:5   | Identified the +2 rapier of Calamity {elec, rElec rPois rF+
                  | rC-} (You found it on level 3 of the Lair of Beasts)
 27618 | Lair:6   | Entered Level 6 of the Lair of Beasts
 27657 | Lair:6   | Reached skill level 10 in Invocations
 27663 | Lair:6   | Identified Sif Muna's Tome of the Voyage and Shape Shifting
                  | (Sif Muna gifted it to you on level 6 of the Lair of
                  | Beasts)
 27663 | Lair:6   | Received a gift from Sif Muna
 27699 | Lair:6   | Found a dark tunnel.
 27708 | Volcano  | Entered a volcano
 28129 | Volcano  | Found a burning altar of Makhleb.
 28129 | Volcano  | Noticed a red draconian
 28144 | Volcano  | Killed a red draconian
 28377 | Lair:6   | Found a viscous altar of Jiyva.
 28378 | Lair:6   | Found a staircase to the Slime Pits.
 29250 | Lair:6   | Reached XP level 15. HP: 115/115 MP: 11/29
 30120 | Orc:1    | Entered Level 1 of the Orcish Mines
 30187 | Orc:1    | Identified Sif Muna's Handbook of Poisoning and Companions
                  | (Sif Muna gifted it to you on level 1 of the Orcish Mines)
 30187 | Orc:1    | Received a gift from Sif Muna
 30404 | Orc:1    | Noticed Nergalle
 30417 | Orc:1    | Killed Nergalle
 30691 | Orc:1    | Reached skill level 11 in Spellcasting
 30800 | Orc:1    | Noticed Erolcha
 30812 | Orc:1    | Killed Erolcha
 31262 | Orc:2    | Entered Level 2 of the Orcish Mines
 31532 | Orc:2    | Found a staircase to the Elven Halls.
 31732 | Orc:2    | Found Zanuxiq's Distillery.
 31839 | Orc:2    | Bought a potion of heal wounds for 80 gold pieces
 31839 | Orc:2    | Bought 2 potions of curing for 96 gold pieces
 31852 | Orc:2    | Found a radiant altar of Vehumet.
 31861 | Orc:2    | Reached skill level 10 in Fighting
 31861 | Orc:2    | Reached skill level 10 in Short Blades
 31861 | Orc:2    | Reached skill level 10 in Long Blades
 31861 | Orc:2    | Reached skill level 10 in Axes
 31861 | Orc:2    | Reached skill level 10 in Maces & Flails
 31861 | Orc:2    | Reached skill level 10 in Polearms
 31861 | Orc:2    | Reached skill level 10 in Staves
 31861 | Orc:2    | Reached skill level 10 in Slings
 31861 | Orc:2    | Reached skill level 10 in Bows
 31861 | Orc:2    | Reached skill level 10 in Crossbows
 31861 | Orc:2    | Reached skill level 10 in Throwing
 31861 | Orc:2    | Reached skill level 10 in Armour
 31861 | Orc:2    | Reached skill level 10 in Shields
 31861 | Orc:2    | Reached skill level 10 in Unarmed Combat
 31861 | Orc:2    | Reached skill level 10 in Evocations
 31945 | Orc:2    | Found a roughly hewn altar of Beogh.
 31945 | Orc:2    | Found Nehisiep's Gadget Shoppe.
 31968 | Orc:2    | Paralysed by an orc sorcerer for 7 turns
 31972 | Orc:2    | Mangled by a chaos spawn

Illustrated notes

Levels and vault maps discovered:
D:1:      minmay_arrival_up_and_down, layout_basic
D:2:      layout_basic, old_standard_altar, kennysheep_generic_room_10
D:3:      layout_loops_ring, chequers_ecumenical_altar_lobes, uniq_jessica,
          uniq_robin, uniq_ijyb
D:4:      layout_loops_ring, minmay_temple_entry_mini_moons,
          minmay_misc_feat_roman
D:5:      layout_layer_cave, portal_sewer_entry_e
D:6:      layout_loops_corners, grunt_decor_arrowhead
D:7:      layout_rooms, enter_bailey_2, minmay_mini_ossuary, uniq_joseph
D:8:      layout_basic, special_room [special_room_orc], uniq_harold
D:9:      layout_cave_pools, kennysheep_generic_room_13
D:10:     layout_loops_ring, orc_0_dummy
D:11:     layout_roguey, david_lair_generic, minmay_guarded_unrand_variability
D:12:     layout_layer_cave, serial_bayou_pond_d,
          nrook_guardian_serpent_ordinary
D:13:     layout_irregular_city, skrybe_vaults_entry_preservation,
          portal_ice_cave_entry_imps
Temple:   kilobyte_greek_temple
Lair:1:   beast_lair_carwin_large_3, layout_small_grid
Lair:2:   layout_layer_cave, guppyfry_snake_entry_garden
Lair:3:   layout_chaotic_city, ebering_ghost_funeral_grove,
          minmay_lair_oklob_chamber, uniq_sonja
Lair:4:   beast_lair_carwin_large_2, layout_cave_pods,
          nicolae_swamp_entry_splash_gauntlet, minivault_24,
          nicolae_quartered_pool_medium
Lair:5:   layout_small_grid, kennysheep_basilisk_garden
Lair:6:   evilmike_catoblepas_cave, layout_regular_city, slime_altar_1,
          nicolae_volcano_entry_batcave
Orc:1:    minmay_goldmine, layout_caves, uniq_erolcha, uniq_nergalle
Orc:2:    kennysheep_orc_mage_school, layout_diamond_mine

Skill      XL: |  1  2  3  4  5  6  7  8  9 10 11 12 13 14 15 |
---------------+----------------------------------------------+-----
Spellcasting   | 5 6 7 8 9 10 11 | 11.1
Invocations    | 1 2 3 4 5 6 7 8 9 10 | 10.8
Fighting       | 1 2 3 4 5 6 7 8 9 10 | 10.0
Short Blades   | 1 2 3 4 5 6 7 8 9 10 | 10.0
Long Blades    | 1 2 3 4 5 6 7 8 9 10 | 10.0
Axes           | 1 2 3 4 5 6 7 8 9 10 | 10.0
Maces & Flails | 1 2 3 4 5 6 7 8 9 10 | 10.0
Polearms       | 1 2 3 4 5 6 7 8 9 10 | 10.0
Staves         | 1 2 3 4 5 6 7 8 9 10 | 10.0
Slings         | 1 2 3 4 5 6 7 8 9 10 | 10.0
Bows           | 1 2 3 4 5 6 7 8 9 10 | 10.0
Crossbows      | 1 2 3 4 5 6 7 8 9 10 | 10.0
Throwing       | 1 2 3 4 5 6 7 8 9 10 | 10.0
Armour         | 1 2 3 4 5 6 7 8 9 10 | 10.0
Shields        | 1 2 3 4 5 6 7 8 9 10 | 10.0
Unarmed Combat | 1 2 3 4 5 6 7 8 9 10 | 10.0
Evocations     | 1 2 3 4 5 6 7 8 9 10 | 10.0
Conjurations   | 1 2 3 4 5 6 7 8 |  8.4
Hexes          | 1 2 3 4 5 6 7 8 |  8.4
Summonings     | 1 2 3 4 5 6 7 8 |  8.4
Necromancy     | 1 2 3 4 5 6 7 8 |  8.4
Translocations | 1 2 3 4 5 6 7 8 |  8.4
Transmutations | 1 2 3 4 5 6 7 8 |  8.4
Fire Magic     | 1 2 3 4 5 6 7 8 |  8.4
Air Magic      | 1 2 3 4 5 6 7 8 |  8.4
Earth Magic    | 1 2 3 4 5 6 7 8 |  8.4
Poison Magic   | 1 2 3 4 5 6 7 8 |  8.4
Dodging        | 5 6 7 8 9 10 | 10.9
Stealth        | 5 6 7 8 9 10 | 10.8
Ice Magic      | 8 9 10 | 10.9

Action                   |  1- 3 |  4- 6 |  7- 9 | 10-12 | 13-15 || total
-------------------------+-------+-------+-------+-------+-------++-------
Melee: Unarmed           |     7 |       |       |    23 |    49 ||    79
       Short sword       |    47 |       |       |       |       ||    47
       Bite              |     9 |     6 |    18 |    36 |    42 ||   111
       Dagger            |     9 |    83 |    81 |       |       ||   173
       Punch             |       |     2 |     4 |     7 |    25 ||    38
       Quick blade       |       |       |    75 |   387 |   118 ||   580
       Scimitar          |       |       |       |       |    76 ||    76
       Trident           |       |       |       |       |   303 ||   303
Throw: Dart              |       |       |     3 |       |       ||     3
 Cast: Freeze            |    13 |     1 |     5 |     3 |     8 ||    30
       Frozen Ramparts   |     9 |    25 |    24 |    79 |    76 ||   213
       Summon Ice Beast  |       |     3 |    17 |   103 |   169 ||   292
       Hailstorm         |       |       |    18 |     4 |    27 ||    49
       Ice Form          |       |       |       |     5 |     7 ||    12
Invok: Channel Magic     |       |       |       |     1 |     8 ||     9
Evoke: Wand              |       |       |       |     2 |       ||     2
  Use: Scroll            |       |     9 |     1 |    10 |    13 ||    33
       Potion            |       |       |       |     3 |     4 ||     7
 Stab: Sleeping          |     5 |     2 |     9 |    13 |     8 ||    37
       Distracted        |       |       |       |     2 |     8 ||    10
       Petrified         |       |       |       |       |     9 ||     9
       Petrifying        |       |       |       |       |     1 ||     1
Armor: Robe              |    12 |    11 |    33 |    48 |    23 ||   127
       Skin              |       |       |       |    10 |    20 ||    30
       Animal skin       |       |       |       |       |    78 ||    78
Dodge: Dodged            |    80 |    60 |   106 |   185 |   332 ||   763
Block: Other             |       |    20 |    27 |    62 |    86 ||   195
       Reflection        |       |       |       |     7 |     6 ||    13
       Rpst.: Scimitar   |       |       |       |       |    14 ||    14

Table legend: (Time is in decaauts)
 A = Elapsed time spent in this place.
 B = Non-inter-level travel time spent in this place.
 C = Inter-level travel time spent in this place.
 D = Time resting spent in this place.
 E = Time spent auto-exploring this place.
 F = Levels seen in this place.
 G = Mean time per level.
                   A        B        C        D        E       F      G
               +--------+--------+--------+--------+--------+-----+--------+
         Total |  31606 |  30676 |    930 |   3585 |  21693 |  25 | 1264.2 |
       Dungeon |  17008 |  16443 |    565 |   1405 |  12349 |  13 | 1308.3 |
        Temple |    308 |    274 |     34 |      0 |    262 |   1 |  308.0 |
          Lair |   9518 |   9194 |    324 |    730 |   6859 |   6 | 1586.3 |
  Orcish Mines |   1845 |   1838 |      7 |      0 |   1400 |   2 |  922.5 |
        Bailey |   1705 |   1705 |      0 |   1031 |    370 |   1 | 1705.0 |
      Ice Cave |    581 |    581 |      0 |    404 |     15 |   1 |  581.0 |
       Volcano |    637 |    637 |      0 |     15 |    437 |   1 |  637.0 |
               +--------+--------+--------+--------+--------+-----+--------+

Top non-repeatable levels by time:
  Lair:4: 1983 daAuts
    D:13: 1863 daAuts
  Bailey: 1705 daAuts
  Lair:6: 1694 daAuts
    D:12: 1630 daAuts
  Lair:3: 1620 daAuts
  Lair:2: 1536 daAuts
  Lair:5: 1507 daAuts
     D:1: 1496 daAuts
     D:6: 1464 daAuts
     D:5: 1444 daAuts
     D:8: 1435 daAuts
     D:2: 1301 daAuts
    D:11: 1282 daAuts
     D:9: 1177 daAuts
